 Dungeon Crawl Stone Soup version 0.32-a0-630-g46d191b0ed (webtiles) character file.

Game seed: 16319100708494180028

144 ezpacito the Trooper (level 5, 0/41 HPs)
             Began as a Coglin Chaos Knight on Mar 6, 2024.
             Was a Plaything of Xom.
             Succumbed to a water moccasin's poison
             ... on level 3 of the Dungeon.
             The game lasted 00:02:28 (1362 turns).

ezpacito the Trooper (Coglin Chaos Knight)          Turns: 1362, Time: 00:02:28

Health: 0/41       AC:  5    Str: 15    XL:     5   Next: 26%
Magic:  6/6        EV: 11    Int: 11    God:    Xom [.*....]
Gold:   73         SH:  0    Dex: 13    Spells: 5/5 levels left

rFire   . . .        a - +0 hand axe (chaos) {Nimrit}
rCold   . . .        l - +2 whip (venom) {Ujjalroop}
rNeg    . . .        b - +2 leather armour
rPois   .            (no helmet)
rElec   .            (no cloak)
rCorr   .            (no gloves)
SInv    .            (no boots)
Will    .....        (amulet unavailable)
Stlth   +            (ring unavailable)
HPRegen 0.26/turn    (ring unavailable)
MPRegen 0.10/turn    (no gizmo)

%: no passive effects
@: lethally poisoned (0 -> -16), hasted, revving, very quick
A: off-hand wielding, slow wielding, warmup strikes, no jewellery
a: Invent Gizmo, Renounce Religion


You were on level 3 of the Dungeon.
You worshipped Xom.
You were a plaything of Xom.
You visited 1 branch of the dungeon, and saw 3 of its levels.

You collected 73 gold pieces.

Inventory:

Hand Weapons
 a - a +0 hand axe of chaos (weapon) {Nimrit}
 d - a +0 dagger {Carlos}
 f - a +0 dagger of distortion
 l - a +2 whip of venom (offhand) {Ujjalroop}
Missiles
 q - 6 boomerangs (quivered)
Armour
 b - a +2 leather armour (worn)
 k - a +0 plate armour
 o - a +0 chain mail
Magical Staves
 e - a staff of air
Wands
 p - a wand of flame (13)
Scrolls
 g - a scroll of immolation {unknown}
 h - a scroll of brand weapon {unknown}
 i - 2 scrolls of identify {unknown}
 j - a scroll of teleportation {unknown}
 m - a scroll of poison {unknown}
 n - a scroll of revelation {unknown}


   Skills:
 * Level 3.6 Fighting
 * Level 3.5(3.7) Axes
 + Level 1.0(2.3) Polearms
 * Level 2.4 Armour
 * Level 1.8 Dodging
 + Level 0.8 Stealth
 + Level 0.9 Spellcasting
 + Level 1.6 Evocations


You had 5 spell levels left.
You didn't know any spells.
Your spell library contained the following spells:

 Spells                   Type           Power      Damage    Failure   Level
 Magic Dart               Conj           0%         1d3       38%         1
 Blink                    Tloc           0%         N/A       52%         2
 Call Imp                 Summ           0%         N/A       52%         2


Dungeon Overview and Level Annotations

Branches:
Dungeon (3/15)

Altars:


Innate Abilities, Weirdness & Mutations

You can wield a second weapon in your off-hand.
It takes a long time for you to wield or remove held weapons.
Your first few attacks do less damage.
You cannot equip rings or amulets.


Message History

You are too injured to fight recklessly!
It was a potion of haste.
You feel yourself speed up.
Xom is mildly amused.
You feel very sick. The water moccasin bites you.
You are lethally poisoned!
The water moccasin poisons you! The rat barely misses you.
You take 10 damage, and have 18/41 hp.
MASSIVE DAMAGE!!
Unknown command.
As you read the scroll of butterflies, it crumbles to dust.
You hear the flapping of tiny wings.
The rat is knocked back by the sudden gust. x2
The water moccasin is knocked back by the sudden gust.
You feel very sick. The hobgoblin misses your butterfly.
You take 4 damage, and have 14/41 hp.
You swap places.
* * * LOW HITPOINT WARNING * * *
You feel very sick.
The water moccasin closely misses your butterfly.
The rat bites your butterfly.
Your butterfly dies!
Your butterfly disappears in a burst of colours!
You take 4 damage, and have 10/41 hp.
You swap places.
* * * LOW HITPOINT WARNING * * *
You feel very sick.
You take 3 damage, and have 7/41 hp.
You swap places.
* * * LOW HITPOINT WARNING * * *
You feel very sick. The rat barely misses your butterfly.
The water moccasin bites your butterfly!
Your butterfly dies!
Your butterfly disappears in a burst of colours!
The hobgoblin misses your butterfly.
You see here a scroll labelled FIMOATHI UTOSM.
You take 4 damage, and have 3/41 hp.
You die...
Xom howls with laughter!

#.#... ...
#.#..# # . ....
#.#..#.# ..
#...##.#..#.#...
+............. .
#.....b.....#...
....bb.bb.....#
#.bbb@.# .
#..b?#.....# ...
#bbbb+....##
.....#.bb.#.b..#
..b.bb.bb##...!#
....bb..b#
......
.####r.bb#
##.....


#bbSb# ..... gbb.r# You could see a water moccasin (ally target) and a rat (ally
target).

Vanquished Creatures
  Terence (D:2)
  Natasha (thrice) (D:2)
  An orc (D:3)
  6 endoplasms
  2 giant cockroaches (D:1)
  7 goblins
  2 hobgoblins
  4 ball pythons
  7 bats
  A frilled lizard (D:2)
  6 kobolds
  2 rats (D:1)
42 creatures vanquished.

Notes
Turn   | Place    | Note
-------+----------+-------------------------------------------
     0 | D:1      | ezpacito the Coglin Chaos Knight began the quest for the
                  | Orb.
     0 | D:1      | Reached XP level 1. HP: 18/18 MP: 1/1
    14 | D:1      | Reached skill level 1 in Dodging
    93 | D:1      | Reached XP level 2. HP: 23/24 MP: 2/2
   283 | D:1      | XOM: silly message
   292 | D:1      | XOM: divination: detect items
   335 | D:1      | XOM: potion effect (attraction)
   338 | D:1      | Reached XP level 3. HP: 29/29 MP: 3/3
   437 | D:2      | Found a faded altar of an unknown god.
   449 | D:2      | Reached skill level 1 in Evocations
   530 | D:2      | Noticed Natasha
   537 | D:2      | Killed Natasha
   767 | D:2      | Noticed Terence
   771 | D:2      | XOM: potion effect (brilliance)
   777 | D:2      | Killed Terence
   778 | D:2      | Reached XP level 4. HP: 31/35 MP: 4/4
   792 | D:2      | Noticed Natasha
   800 | D:2      | Killed Natasha
   801 | D:2      | Reached skill level 1 in Polearms
   829 | D:2      | Noticed Natasha
   837 | D:2      | Killed Natasha
   838 | D:2      | Reached XP level 5. HP: 13/41 MP: 6/6
   923 | D:2      | XOM: scenery: 1 doors close
  1353 | D:3      | Noticed a water moccasin
  1362 | D:3      | Succumbed to a water moccasin's poison

Illustrated notes

Levels and vault maps discovered:
D:1:      lightli_arrival_statuegarden, layout_rooms
D:2:      layout_basic, nicolae_ecumenical_pavilion, uniq_terence, uniq_natasha
D:3:      layout_basic, serial_shops, nicolae_shop_rolling_square,
          reono_crystal_passage

Skill      XL: |  1  2  3  4 |
---------------+-------------+-----
Dodging        | 1 |  1.8
Armour         | 2 |  2.4
Evocations     | 1 |  1.6
Polearms       | 1 |  1.0
Fighting       | |  3.6
Axes           | |  3.5
Stealth        | |  0.8
Spellcasting   | |  0.9

Action                     |  1- 3 |  4- 6 || total
---------------------------+-------+-------++-------
  Melee: Hand axe          |    61 |    26 ||    87
         Dagger            |    41 |       ||    41
         Whip              |    14 |    26 ||    40
    Use: Potion            |     1 |     1 ||     2
         Scroll            |       |     1 ||     1
   Stab: Sleeping          |     1 |     1 ||     2
 Armour: Leather armour    |    49 |    24 ||    73
  Dodge: Dodged            |    39 |     9 ||    48

Table legend: (Time is in decaauts)
 A = Elapsed time spent in this place.
 B = Non-inter-level travel time spent in this place.
 C = Inter-level travel time spent in this place.
 D = Time resting spent in this place.
 E = Time spent auto-exploring this place.
 F = Levels seen in this place.
 G = Mean time per level.
                   A        B        C        D        E       F      G
               +--------+--------+--------+--------+--------+-----+--------+
         Total |   1366 |   1273 |     93 |     11 |    962 |   3 |  455.3 |
       Dungeon |   1366 |   1273 |     93 |     11 |    962 |   3 |  455.3 |
               +--------+--------+--------+--------+--------+-----+--------+

Top non-repeatable levels by time:
     D:2: 909 daAuts
     D:1: 440 daAuts
     D:3: 16 daAuts
